 Dungeon Crawl Stone Soup version 0.31-a0-188-g5e087ee2ca (webtiles) character file.

Game seed: 2362611315950541542

1 qw the Shooter (level 1, -1/12 HPs)
             Began as a Deep Elf Hunter on June 23, 2023.
             Slain by an adder (3 damage)
             ... on level 1 of the Dungeon.
             The game lasted 00:00:05 (68 turns).

qw the Shooter (Deep Elf Hunter)                      Turns: 68, Time: 00:00:05

Health: -1/12      AC:  4    Str:  8    XL:     1   Next: 16%
Magic:  3/3        EV: 12    Int: 13    God:
Gold:   0          SH:  0    Dex: 18    Spells: 0/0 levels left

rFire   . . .        a - +0 shortbow
rCold   . . .        (shield currently unavailable)
rNeg    . . .        c - +0 leather armour
rPois   .            d - +0 helmet
rElec   .            (no cloak)
rCorr   .            (no gloves)
SInv    .            (no boots)
Will    .....        (no amulet)
Stlth   ++           (no ring)
HPRegen 0.22/turn    (no ring)
MPRegen 0.08/turn

%: no passive effects
@: no status effects
A: no striking features
a: no special abilities


You were on level 1 of the Dungeon.
You visited 1 branch of the dungeon, and saw 2 of its levels.


   Skills:
 - Level 1.5 Fighting
 + Level 5.4 Ranged Weapons
 - Level 2.4 Dodging
 - Level 1.2 Stealth


You couldn't memorise any spells.
You didn't know any spells.
Your spell library was empty.

Inventory:

Hand Weapons
 a - a +0 shortbow (weapon)
Armour
 c - a +0 leather armour (worn)
 d - a +0 helmet (worn)

Dungeon Overview and Level Annotations

Branches:
Dungeon (2/15)

Altars:


Message History

Enter note: A giant cockroach comes into view.
There is a stone staircase leading down here.
Enter note:
Enter note: You shoot an arrow.
The arrow hits the giant cockroach!
You kill the giant cockroach!
(D) Dungeon
Where to? (* - list waypoints, Enter - D:2, ? - help)
What level of the Dungeon? (default 1, ? - help)
You climb downwards.
Found a silvery potion.
There is a stone staircase leading up here.
An adder is nearby!
Waypoint 1 assigned to D:2.
You shoot an arrow. The arrow hits the adder.
The adder is lightly wounded.
You shoot an arrow. The arrow misses the adder.
The adder bites you.
You are poisoned.
The adder poisons you!
62 ||| STAIRDANCE You feel sick.
The adder barely misses you.
You climb upwards.
You feel sick.
There is a stone staircase leading down here.
You shoot an arrow.
The arrow hits the adder but does no damage.
The adder is lightly wounded.
You feel sick. The adder barely misses you.
You shoot an arrow. The arrow completely misses the adder.
You feel sick. The adder closely misses you. The adder misses you.
You shoot an arrow. The arrow closely misses the adder.
You feel sick.
You are no longer poisoned.
The adder bites you but does no damage.
You shoot an arrow. The arrow hits the adder!
The adder is almost dead.
The adder bites you but does no damage. The adder bites you.
You shoot an arrow. The arrow barely misses the adder.
The adder bites you.
You die...

... ..% .# # ... .#
#.#.##.##.##.#
.#.#...#....
...)#...... .#.B
######.#...# #.# .#..
#.....@S...# #.# #.#..
#.####..##.###.####....


.....PPP.PPPPPPPPPPPPP. .....PPPP.P..<.?PPPPPP. .####PPPP..PPPPP..PPPP#
#PPP.PPP...PPP.PPP# #PPP.PP.PPP.PP.PPP# #PP.PP.PP.PP.PP.PP# #PP.P.PP.P.PP.P.PP.
You could see an adder.

Vanquished Creatures
  A giant cockroach (D:1)
1 creature vanquished.

Notes
Turn   | Place    | Note
-------+----------+-------------------------------------------
     0 | D:1      | qw the Deep Elf Hunter began the quest for the Orb.
     0 | D:1      | Reached XP level 1. HP: 12/12 MP: 3/3
     0 | D:1      | 0 ||| qw: Version: 0.3-a-9-g12657ce
     0 | D:1      | 0 ||| qw: Game counter: 4374
     0 | D:1      | 0 ||| qw: Always use a shield: true
     0 | D:1      | 0 ||| qw: God list: Okawaru
     0 | D:1      | 0 ||| qw: Allow faded altars: false
     0 | D:1      | 0 ||| qw: Do Orc after D:15 true
     0 | D:1      | 0 ||| qw: Do second Lair branch before Depths: true
     0 | D:1      | 0 ||| qw: Lair rune preference: random
     0 | D:1      | 0 ||| qw: Plans: Normal
     0 | D:1      | 0 ||| PLANNING D:1-11
    35 | D:1      | 35 ||| UPGRADING to +0 helmet.
    40 | D:1      | 40 ||| DROPPING scroll of butterflies.
    62 | D:2      | 62 ||| STAIRDANCE
    67 | D:1      | HP: 2/12 [adder (2)]
    68 | D:1      | Slain by an adder

Levels and vault maps discovered:
D:1:      roderic_crop_circles_arrival_small, layout_loops_ring
D:2:      layout_loops_cross

Action                     || total
---------------------------++-------
   Fire: Shortbow          ||    15
 Armour: Leather armour    ||     2
  Dodge: Dodged            ||     4

Table legend:
 A = Non-vault XP
 B = Vault XP
 C = Vault XP percentage of total XP
 D = Non-vault monster count
 E = Vault monster count
 F = Vault count percentage of total count
                 A         B        C        D         E       F
            +---------+---------+-------+---------+---------+-------
      Total |       2 |       0 |   0.0 |       1 |       0 |   0.0
            +---------+---------+-------+---------+---------+-------
        D:1 |       2 |       0 |   0.0 |       1 |       0 |   0.0
            +---------+---------+-------+---------+---------+-------
